 Dungeon Crawl Stone Soup version 0.28.0-53-g5a82cb258f (webtiles) character file.

Game seed: 11766004470639276766

39 Tirrikindir the Skirmisher (level 3, -1/26 HPs)
             Began as an Octopode Fighter on Aug 11, 2022.
             Slain by an adder (3 damage)
             ... on level 2 of the Dungeon.
             The game lasted 00:01:48 (530 turns).

Tirrikindir the Skirmisher (Octopode Fighter)        Turns: 530, Time: 00:01:51

Health: -1/26      AC:  1    Str: 15    XL:     3   Next: 45%
Magic:  3/3        EV: 13    Int: 10    God:
Gold:   9          SH:  4    Dex: 13    Spells: 2/2 levels left

rFire   . . .      SeeInvis .   a - +0 long sword
rCold   . . .      Faith    .   b - +0 buckler
rNeg    . . .      Spirit   .   (helmet restricted)
rPois   .          Reflect  .   (no amulet)
rElec   .          Harm     .   (no ring)
rCorr   .          Rampage  .   (no ring)
Will    .....                   (no ring)
Stlth   +++.......              (no ring)
HPRegen 0.08/turn               (no ring)
MPRegen 0.08/turn               (no ring)
                                (no ring)
                                (no ring)

@: lethally poisoned (-1 -> -8)
A: almost no armour, amphibious, 8 rings, camouflage 1, gelatinous body 1,
(nimble swimmer 1), tentacles
a: no special abilities


You were on level 2 of the Dungeon.
You visited 1 branch of the dungeon, and saw 2 of its levels.

You collected 9 gold pieces.

Inventory:

Hand Weapons
 a - a +0 long sword (weapon)
Armour
 b - a +0 buckler (worn)
Scrolls
 g - a scroll of identify {unknown}
Potions
 c - a potion of might
 d - a potion of attraction {unknown}
 e - a potion of flight {unknown}


   Skills:
 + Level 3.2 Fighting
 * Level 2.6 Long Blades
 + Level 3.2 Dodging
 + Level 1.7 Stealth
 + Level 3.2 Shields


You had 2 spell levels left.
You didn't know any spells.
Your spell library was empty.

Dungeon Overview and Level Annotations

Branches:
Dungeon (2/15)

Altars:


Innate Abilities, Weirdness & Mutations

You cannot wear most types of armour.
You are amphibious.
You can wear up to eight rings at the same time.
Your skin changes colour to match your surroundings (Stealth+).
Your rubbery body absorbs attacks. (AC +1, EV +1)
((You are camouflaged when in or above water. (Stealth+)))
You have tentacles for arms and can constrict up to eight enemies at once.


Message History

You see here a wand of acid (9).
You closely miss the jackal. You grab the jackal.
The jackal is severely wounded.
You constrict the jackal, but do no damage.
The jackal bites you but does no damage.
The jackal barely misses you.
You slash the jackal!
You kill the jackal!
You block the jackal's attack.
You closely miss the jackal. You grab the jackal.
You constrict the jackal, but do no damage.
The jackal barely misses you. The jackal bites you.
You hit the jackal.
The jackal is almost dead.
You constrict the jackal.
You kill the jackal!
The jackal bites you but does no damage.
You slash the jackal!
You kill the jackal!
The jackal closely misses you.
You miss the jackal. Your grab misses the jackal.
Your squeeze misses the jackal. The jackal completely misses you.
The jackal misses you.
You barely miss the jackal. You grab the jackal. You constrict the jackal.
The jackal misses you. The jackal bites you.
You hit the jackal.
You kill the jackal!
The adder closely misses you.
You hit the adder. You grab the adder.
The adder is lightly wounded.
You constrict the adder. The adder bites you.
You are poisoned.
The adder poisons you!
You hit the adder.
The adder is moderately wounded.
You constrict the adder.
You feel sick. The adder bites you.
* * * LOW HITPOINT WARNING * * *
You are more poisoned.
The adder poisons you! The adder bites you.
You die...

,,,,,,,,* #.####...####..,,,,,*
,,,*,,,,* #......!.....#.#.,*,*
,,,,,,*,* *................,,,*
,,,**,*,*****............#***,***
,,,**,*,,,,,,,####...##### *,**
,,,**,,,,,,,,,* #...# *,,*
*******,******* #...# **,* *,*
#######...# *,** *******,*
#....@S..## *,,, ,,,,,,,,*
#.#####..# *,,* ,********
#.####...#** *,,, ,*
##.##...#...# **,* **
#...#...#...# *,,
#.....#####.#****** ***
#....†..#,,...,,,,*
##.##†#.#,*.###**,*
######.##.#†..#,# *,*


You could see an adder.

Vanquished Creatures
  A worm (D:2)
  A dart slug (D:2)
  3 ball pythons
  5 bats
  3 endoplasms (D:1)
  2 goblins (D:1)
  A hobgoblin (D:1)
  10 jackals (D:2)
  A kobold (D:1)
  2 rats (D:1)
29 creatures vanquished.

Notes
Turn   | Place    | Note
-------+----------+-------------------------------------------
     0 | D:1      | Tirrikindir the Octopode Fighter began the quest for the
                  | Orb.
     0 | D:1      | Reached XP level 1. HP: 16/16 MP: 1/1
   146 | D:1      | Reached XP level 2. HP: 20/21 MP: 2/2
   325 | D:1      | Reached skill level 1 in Stealth
   448 | D:1      | You fall into a shaft and drop 1 floor!
   479 | D:2      | Reached XP level 3. HP: 24/26 MP: 3/3
   530 | D:2      | Slain by an adder

Illustrated notes

Levels and vault maps discovered:
D:1:      sevenhm_arrival_forest_fort_large_2, layout_basic,
          shapermc_ecumenical_altar_starsandcircs, serial_park_tiny_pond
D:2:      layout_loops_cross

Skill      XL: |  1  2 |
---------------+-------+-----
Stealth        | 1 |  1.7
Fighting       | |  3.2
Long Blades    | |  2.6
Dodging        | |  3.2
Shields        | |  3.2

Action                   || total
-------------------------++-------
Melee: Long sword        ||    54
       Constrict         ||    17
       Tentacles         ||     4
       Punch             ||     1
  Use: Scroll            ||     1
 Stab: Sleeping          ||     4
Armor: Skin              ||     7
Dodge: Dodged            ||    43
Block: Buckler           ||    12
